AoeStats
← Chris77A

Hill Fort

504176314Analyzed
2v2 RM · 28d ago on Sep 4, 2026· 59m 59s· 4 players
Game mode
Random Map
Map size
Medium (4 player)
Population
200
Speed
Normal
Resources
Standard
Victory
Conquest
Starting age
Dark Age
Ending age
Imperial Age
RankedLock teamsTeams togetherTeam positionsShared explorationLock speedFull tech treeHidden civsTurbo modeCheats
Victory
Defeat
🇬🇧 Japanese · United Kingdom
1300
+9
🇬🇧 Byzantines · United Kingdom
1184
+13
🇳🇿 Romans · New Zealand
1132
-11
🇳🇿 Khmer · New Zealand
1121
-11
Chris77A
3:27 Loom
11:43 Feudal Age
19:42 Castle Age
19:05 Fletching
20:01 Horse Collar
21:14 Double-Bit Axe
22:00 Elite Skirmisher
27:45 Scale Barding Armor
27:52 Forging
28:31 Wheelbarrow
28:31 Forging
31:42 Chain Barding Armor
35:36 Imperial Age
34:46 Bodkin Arrow
37:50 Conscription
39:04 Hand Cart
41:09 Elite Cataphract
43:08 Husbandry
44:53 Plate Barding Armor
47:43 Bow Saw
48:43 Chemistry
48:15 Onager
53:22 Heavy Plow
53:58 Logistica
54:29 Hoardings
54:57 Bracer
54:57 Padded Archer Armor
57:42 Leather Archer Armor
58:11 Thumb Ring
out.c/imperator`
8:56 Feudal Age
9:04 Man-at-Arms
14:24 Loom
17:47 Fletching
30:16 Castle Age
28:51 Double-Bit Axe
30:54 Gold Mining
31:06 Padded Archer Armor
31:44 Wheelbarrow
30:51 Crossbowman
32:57 Thumb Ring
39:46 Hand Cart
43:08 Gold Shaft Mining
43:33 Scale Mail Armor
43:44 Forging
43:31 Horse Collar
44:07 Bow Saw
48:41 Chain Mail Armor
51:40 Heavy Plow
51:58 Stone Mining
53:12 Fortified Wall
58:08 Imperial Age
57:09 Bodkin Arrow
57:41 Leather Archer Armor
57:49 Ballistics
59:14 Conscription
58:19 Arbalester
58:55 Elite Samurai
lj674467155
10:12 Feudal Age
8:32 Loom
13:06 Double-Bit Axe
13:28 Gold Mining
23:07 Castle Age
21:39 Horse Collar
22:31 Stone Mining
32:57 Ballistas
37:38 Imperial Age
35:27 Man-at-Arms
36:10 Scale Mail Armor
36:53 Pikeman
39:03 Heavy Scorpion
41:09 Chemistry
40:37 Conscription
40:46 Squires
42:04 Halberdier
45:02 Chain Mail Armor
44:57 Forging
45:53 Wheelbarrow
45:05 Town Watch
46:46 Bow Saw
48:47 Siege Engineers
48:39 Murder Holes
51:03 Scale Barding Armor
54:09 Comitatenses
54:29 Iron Casting
54:12 Caravan
54:52 Hand Cart
54:40 Town Patrol
56:19 Elite Centurion
57:20 Heavy Plow
老6
11:06 Feudal Age
15:35 Castle Age
15:20 Double-Bit Axe
19:19 Loom
24:08 Stone Mining
30:56 Loom
31:49 Wheelbarrow
32:33 Bow Saw
33:47 Fletching
35:41 Stone Shaft Mining
36:58 Bodkin Arrow
40:10 Horse Collar
50:10 Imperial Age
54:30 Hand Cart
57:17 Imperial Age
54:41 Gold Mining
59:07 Heavy Plow
Connection lost

Rejoining the realm…

Still unreachable

The connection could not be restored.

Session expired

The server has moved on; the page needs a fresh start.